 Dungeon Crawl Stone Soup version 0.26.0-11-g8f856b5395 (webtiles) character file.

Game seed: 7689513006758531892

359 Froggeryz the Ruffian (level 6, -1/51 HPs)
             Began as a Ghoul Delver on Jan 15, 2021.
             Was a Follower of Okawaru.
             Killed from afar by an orc wizard (11 damage)
             ... with a magic dart
             ... on level 3 of the Dungeon.
             The game lasted 00:04:26 (2976 turns).

Froggeryz the Ruffian (Ghoul Delver)                Turns: 2976, Time: 00:04:26

Health: -1/51      AC:  3    Str: 18    XL:     6   Next: 65%
Magic:  5/5        EV: 11    Int:  5    God:    Okawaru [*.....]
Gold:   129        SH:  0    Dex: 10    Spells: 5/5 levels left

rFire    . . .     SeeInvis +     - Unarmed
rCold    + . .     Faith    .   (no shield)
rNeg     + + +     Spirit   .   a - +0 leather armour
rPois    ∞         Reflect  .   (no helmet)
rElec    .         Harm     .   (no cloak)
rCorr    .         Rampage  .   (no gloves)
Will     .....                  (no boots)
Stlth    +++.......             i - amulet of regeneration
HPRegen  0.00/turn              n - ring of see invisible
MPRegen  0.09/turn              (no ring)

@: no status effects
A: claws 1, cold resistance 1, negative energy resistance 3, inhibited
regeneration, torment resistance, unbreathing
a: Renounce Religion, Heroism


You were on level 3 of the Dungeon.
You worshipped Okawaru.
Okawaru was aware of your devotion.
You visited 2 branches of the dungeon, and saw 6 of its levels.

You collected 129 gold pieces.

Inventory:

Missiles
 p - 27 poisoned darts (quivered)
Armour
 a - a +0 leather armour (worn)
Jewellery
 i - an amulet of regeneration (around neck)
 n - a ring of see invisible (left claw)
Wands
 f - a wand of digging (3)
Scrolls
 b - a scroll of fog
 c - 4 scrolls of magic mapping
 h - 2 scrolls of enchant weapon {unknown}
 l - 2 scrolls of enchant armour {unknown}
 m - 2 scrolls of teleportation {unknown}
 o - a scroll of amnesia {unknown}
 q - 2 scrolls of remove curse {unknown}
 r - 2 scrolls of immolation {unknown}
 s - 7 scrolls of identify {unknown}
Potions
 e - a potion of haste
 g - a potion of curing
 j - 3 potions of attraction {unknown}
 k - 3 potions of degeneration {unknown}
 t - a potion of ambrosia {unknown}
 u - a potion of mutation {unknown}


   Skills:
 - Level 3.2 Fighting
 + Level 3.1 Armour
 - Level 1.7 Dodging
 - Level 5.4 Stealth
 * Level 6.3 Unarmed Combat


You had 5 spell levels left.
You didn't know any spells.
Your spell library was empty.

Dungeon Overview and Level Annotations

Branches:
Dungeon (5/15)             Temple (1/1) D:5

Altars:
Cheibriados
Dithmenos
Gozag
Makhleb
Okawaru
Ru
Sif Muna
Trog
Vehumet
Wu Jian
Yredelemnul
The Shining One


Innate Abilities, Weirdness & Mutations

You thrive by killing the living.
You are immune to poison.
You have sharp fingernails.
Your flesh is cold resistant. (rC+)
You are immune to negative energy. (rN+++)
You do not regenerate when monsters are visible.
You are immune to unholy pain and torment.
You can survive without breathing.


Message History

The orc looks frightened!
The orc wizard looks frightened! x2
The orc wizard casts a spell.
The orc wizard blinks!
Cornered, the orc wizard turns to fight!
You scratch the orc wizard but do no damage.
The orc wizard is almost dead.
The orc wizard hits you but does no damage.
You scratch the orc wizard.
You kill the orc wizard!
Okawaru accepts your kill.
Things that are here:
a +0 dagger; a +0 robe; an orc corpse Throw: 28 darts (poison)
Press: ? - help, Q - select action, (/) - cycle Shift-Dir - straight line, f - orc wizard
Aim: an orc wizard, wielding a -1 dagger and wearing a cursed +0 robe (lightly wounded)
You throw a poisoned dart.
The poisoned dart completely misses the orc wizard.
The orc wizard gestures at you while chanting.
The magic dart hits you!
You die...

##.# #....#
#.# ####.##
#.# #... #.#
#.## #.# #.#
#.#
########o#
#.# #.#
#.).)....#
#.#
#.#######
#.########
#.#
#.......#
#@# #.#
#######.#
#.# #.# #.#
#.# #.# #.#
#.# #.## #.#
#o# #.## #.#
#.##########
#.#. #.#
#(.........#
##... #.#
##########.#
#.... #.#
#.###.#..


You could see an orc wizard.

Vanquished Creatures
  A hound (D:4)
  3 orc wizards (D:3)
  An iguana (D:4)
  A worker ant (D:3)
  3 gnolls (D:4)
  5 adders
  A white imp (D:5)
  3 worms
  4 dart slugs (D:1)
  5 leopard geckos
  4 orcs (D:3)
  A ball python (D:2)
  4 giant cockroaches
  11 goblins
  12 hobgoblins
  8 jackals
  8 kobolds
  6 bats
  2 frilled lizards (D:1)
  9 rats
92 creatures vanquished.

Notes
Turn   | Place    | Note
-------+----------+-------------------------------------------
     0 | D:5      | Froggeryz the Ghoul Delver began the quest for the Orb.
     0 | D:5      | Reached XP level 1. HP: 19/19 MP: 0/0
     6 | D:5      | Found a staircase to the Ecumenical Temple.
    14 | Temple   | Entered the Ecumenical Temple
    19 | Temple   | Became a worshipper of Warmaster Okawaru
    46 | D:5      | Reached XP level 2. HP: 3/26 MP: 1/1
   369 | D:5      | Found an ornate altar of the Wu Jian Council.
   512 | D:4      | Reached skill level 1 in Armour
   512 | D:4      | Reached skill level 3 in Unarmed Combat
   512 | D:4      | Reached XP level 3. HP: 16/31 MP: 2/2
   687 | D:4      | Noticed an ogre
   723 | D:4      | Reached skill level 4 in Unarmed Combat
   723 | D:4      | Reached XP level 4. HP: 27/38 MP: 3/3
   936 | D:4      | Reached * piety under Okawaru
   988 | D:2      | Reached XP level 5. HP: 45/45 MP: 4/4
  1379 | D:1      | Reached skill level 5 in Unarmed Combat
  2311 | D:2      | Reached XP level 6. HP: 51/51 MP: 5/5
  2880 | D:3      | Reached skill level 6 in Unarmed Combat
  2976 | D:3      | Killed from afar by an orc wizard

Illustrated notes

Levels and vault maps discovered:
D:1:      lightli_arrival_farm, layout_basic
D:2:      layout_loops_ring
D:3:      layout_loops_ring, minmay_randomly_rotated_circles, uniq_grinder
D:4:      layout_basic, kennysheep_mini_moat, lemuel_angel_altar
D:5:      layout_loops_corners, nzn_wu_jian_council_hall, minitemple,
          minmay_temple_entry_gardened_gates, corexii_leaking_fountain,
          grunt_ministairs_1
Temple:   minmay_freezing_vapour_temple

Skill      XL: |  1  2  3  4  5  6 |
---------------+-------------------+-----
Armour         | 1 2 3 |  3.1
Unarmed Combat | 3 4 5 6 |  6.3
Fighting       | |  3.2
Dodging        | |  1.7
Stealth        | |  5.4

Action                   |  1- 3 |  4- 6 || total
-------------------------+-------+-------++-------
Melee: Unarmed           |    35 |   276 ||   311
       Punch             |       |     5 ||     5
Throw: Dart              |       |     1 ||     1
  Use: Potion            |     1 |     2 ||     3
       Scroll            |       |     1 ||     1
 Stab: Sleeping          |       |    12 ||    12
Armor: Leather armour    |     6 |    54 ||    60
Dodge: Dodged            |    26 |   139 ||   165
